 Dungeon Crawl Stone Soup version 0.31-a0-240-gb923e448b6 (webtiles) character file.

Game seed: 585899239469537481

385 Morbidden the Changeling (level 6, 0/55 HPs)
             Began as a Naga Shapeshifter on July 12, 2023.
             Killed by divine providence
             ... invoked by an orc priest
              (12 damage)
             ... on level 4 of the Dungeon.
             The game lasted 00:04:20 (3697 turns).

Morbidden the Changeling (Naga Shapeshifter)        Turns: 3697, Time: 00:04:20

Health: 0/55       AC:  7    Str: 19      XL:     6   Next: 77%
Magic:  5/5        EV: 15    Int:  8      God:
Gold:   162        SH:  9    Dex: 11 (12) Spells: 5/5 levels left

rFire   . . .        a - +2 dagger (venom)
rCold   . . .        (no shield)
rNeg    . . .        e - +0 animal skin
rPois   +            (helmet currently unavailable)
rElec   .            v - melded +2 cloak
rCorr   .            (gloves currently unavailable)
SInv    +            (no barding)
Will    .....        r - amulet of reflection
Stlth   ++           d - +5 ring of evasion
HPRegen 0.29/turn    k - +4 ring of protection
MPRegen 0.09/turn

%: reflection
@: beast-form, very slow
A: beast (slay +3), AC +2, large, see invisible, deformed body, poison
resistance, slowness 2, spit poison 1, naga tail 1, large bone plates 1, low MP
1, wild magic 1
a: Spit Poison


You were on level 4 of the Dungeon.
You were a hulking beast.
You visited 1 branch of the dungeon, and saw 4 of its levels.

You collected 162 gold pieces.

Inventory:

Hand Weapons
 a - a +2 dagger of venom (weapon)
 f - a +3 short sword
Armour
 e - a +0 animal skin (worn)
 v - a +2 cloak (melded)
Jewellery
 d - a +5 ring of evasion (left hand)
 k - a +4 ring of protection (right hand)
 n - an amulet of magic regeneration
 r - an amulet of reflection (around neck)
 t - a ring of resist corrosion
Talismans
 c - a beast talisman
Wands
 i - a wand of polymorph (2)
 m - a wand of flame (9)
Scrolls
 b - a scroll of noise {unknown}
 g - 2 scrolls of poison {unknown}
 j - 5 scrolls of identify {unknown}
 l - 2 scrolls of amnesia {unknown}
 o - a scroll of revelation {unknown}
 p - 2 scrolls of enchant weapon {unknown}
 q - a scroll of teleportation {unknown}
 s - a scroll of enchant armour {unknown}


   Skills:
 * Level 2.8 Fighting
 + Level 2.0 Short Blades
 * Level 1.3 Armour
 * Level 2.4 Dodging
 + Level 1.6 Stealth
 + Level 0.1 Shields
 * Level 2.8 Unarmed Combat
 * Level 1.6 Evocations
 * Level 4.3 Shapeshifting


You had 5 spell levels left.
You didn't know any spells.
Your spell library contained the following spells:

 Spells                   Type           Power      Damage    Failure   Level
 Cigotuvi's Dreadful Rot  Necr/Pois/Air  0%         N/A       63%         2
 Dispel Undead            Necr           0%         3d6       99%         4
 Olgreb's Toxic Radiance  Pois           0%         N/A       99%         4
 Death Channel            Necr           0%         N/A       100%        6
 Discord                  Hex            0%         N/A       100%        8
 Ignition                 Fire           0%         3d3       100%        8


Dungeon Overview and Level Annotations

Branches:
Dungeon (4/15)
 Temple: D:4-7

Altars:
Fedhas
Kikubaaqudgha
Qazlal
Wu Jian
The Shining One

Shops:
D:1 *

Annotations:
D:3 2 transporters, 1 runed translucent door, Ijustatesigmund's ghost, amateur OpVM


Innate Abilities, Weirdness & Mutations

You are a hulking beast.
Your limbs bulge with bestial killing power. (Slay +3)
Your serpentine skin is tough. (AC +2)
You have supernaturally acute eyesight. (SInv)
Armour fits poorly on your strangely shaped body.
Your system is resistant to poisons. (rPois)
You cover ground very slowly.
You can spit poison.
You have a snake-like lower body.
You are partially covered in large bone plates. (SH +4)
Your magical capacity is low. (-10% MP)
Your spells are a little harder to cast, but a little more powerful.


Message History

You hit the white imp.
The white imp is heavily wounded.
Okay, then.
Unknown command.
You completely miss the white imp.
The white imp is heavily wounded.
The white imp misses you.
The orc priest invokes the aid of Beogh against you.
Beogh smites you!
* * * LOW HITPOINT WARNING * * *
Unknown command.
Unknown command.
You feel better. The white imp misses you.
You hit the white imp but do no damage. You punch the white imp.
The white imp is severely wounded.
The orc priest casts a cantrip, but nothing happens.
You block the white imp's attack.
Unknown command.
Unknown command.
You closely miss the white imp.
The white imp is severely wounded.
The white imp closely misses you.
Unknown command.
You barely miss the white imp.
The white imp is severely wounded.
The white imp closely misses you.
Unknown command.
Unknown command.
You hit the white imp.
You kill the white imp!
Unknown command.
You hit the ufetubus.
The ufetubus is poisoned.
The ufetubus is almost dead.
The ufetubus hits you.
* * * LOW HITPOINT WARNING * * *
The ufetubus completely misses you. The ufetubus misses you.
The ufetubus hits you but does no damage.
The orc priest calls down the wrath of Beogh upon you.
Beogh smites you!
You die...

#.# ##..######§ # .§♣.
#.# #..)...._#8 #§§...
#.# #..)######§ #§♣§..
#.# #.###§§§§§§ ..#.(
#####.###.### §§§§§
.... #...........# §§§§
#####.. #.....#######
§§§ .......########..##
## #....)..o5h...#
.....5..♣§§♣o##...#
......##♣§§o.##...#
#.?...
#§§§..##...#######
#....
#⌠....##........##.
#....
###...###..####.##.####
####
##.............[....##
#....................
######..##.#.#####.##


You could see an orc priest, an orc wizard (invisible), an orc and an ufetubus
(very poisoned).

Vanquished Creatures
  2 quasits (D:4)
  Jessica (D:2)
  2 orc wizards (D:4)
  2 adders
  3 gnolls (D:2)
  3 shadow imps (D:4)
  5 white imps (D:4)
  4 ufetubi (D:4)
  3 worms
  4 dart slugs
  9 orcs
  9 endoplasms
  3 giant cockroaches
  7 goblins
  8 hobgoblins
  9 jackals
  8 kobolds
  5 ball pythons
  6 bats
  3 frilled lizards
  5 rats
101 creatures vanquished.

Notes
Turn   | Place    | Note
-------+----------+-------------------------------------------
     0 | D:1      | Morbidden the Naga Shapeshifter began the quest for the
                  | Orb.
     0 | D:1      | Reached XP level 1. HP: 19/19 MP: 1/1
    85 | D:1      | Reached XP level 2. HP: 6/26 MP: 2/2
   398 | D:1      | Found Sizava's Assorted Antiques.
   738 | D:1      | Reached XP level 3. HP: 32/32 MP: 3/3
  1656 | D:2      | Noticed Jessica
  1677 | D:2      | Reached skill level 1 in Stealth
  1680 | D:2      | Killed Jessica
  1681 | D:2      | Reached skill level 1 in Short Blades
  1681 | D:2      | Reached XP level 4. HP: 13/39 MP: 4/4
  1815 | D:2      | Reached skill level 1 in Evocations
  1919 | D:2      | Reached XP level 5. HP: 46/46 MP: 5/5
  2191 | D:3      | Reached skill level 1 in Armour
  2356 | D:3      | You fall into a shaft and drop 1 floor!
  2543 | D:3      | Found a glowing golden altar of the Shining One.
  2544 | D:3      | Found a transporter.
  2545 | D:3      | Found an ornate altar of the Wu Jian Council.
  2554 | D:3      | Found an ancient bone altar of Kikubaaqudgha.
  2601 | D:3      | Found a transporter.
  2732 | D:3      | Found a runed translucent door.
  2733 | D:3      | Noticed Ijustatesigmund's ghost (amateur OpVM)
  2832 | D:3      | Found a blossoming altar of Fedhas.
  3191 | D:4      | Reached skill level 4 in Shapeshifting
  3286 | D:4      | Reached XP level 6. HP: 51/55 MP: 6/6
  3608 | D:4      | Found a stormy altar of Qazlal.
  3685 | D:4      | Gained mutation: You are partially covered in large bone
                  | plates. (SH +4) [potion of mutation]
  3685 | D:4      | Gained mutation: Your magical capacity is low. (-10% MP)
                  | [potion of mutation]
  3685 | D:4      | Gained mutation: Your spells are a little harder to cast,
                  | but a little more powerful. [potion of mutation]
  3697 | D:4      | Killed from afar by an orc priest

Illustrated notes

Levels and vault maps discovered:
D:1:      heliophobic_arrival_henge, layout_basic, serial_shops, shop,
          hangedman_decor_growths
D:2:      layout_loops_ring, uniq_jessica
D:3:      layout_loops_ring, lemuel_tele_altar, gammafunk_temple_overflow_arena,
          fedhas_ov_isle_minmay, ebering_ghost_reflecting_pool, minmay_quantized
D:4:      layout_loops_ring, nicolae_qazlal_eye_of_the_storm, serial_demonic,
          serial_demonic_e, serial_demonic_c, serial_demonic_a,
          serial_demonic_e, serial_demonic_f, serial_demonic_f,
          serial_demonic_d, serial_demonic_c

Skill      XL: |  1  2  3  4  5  6 |
---------------+-------------------+-----
Stealth        | 1 |  1.6
Short Blades   | 1 2 |  2.0
Evocations     | 1 |  1.6
Armour         | 1 |  1.3
Dodging        | 2 |  2.4
Shapeshifting  | 4 |  4.3
Fighting       | |  2.8
Shields        | |  0.1
Unarmed Combat | |  2.8

Action                     |  1- 3 |  4- 6 || total
---------------------------+-------+-------++-------
  Melee: Unarmed           |    14 |       ||    14
         Dagger            |    76 |   201 ||   277
         Punch             |     2 |     5 ||     7
Ability: Spit Poison       |     3 |     2 ||     5
    Use: Potion            |     1 |     4 ||     5
   Stab: Sleeping          |     4 |     1 ||     5
 Armour: Skin              |     7 |       ||     7
         Animal skin       |     6 |    81 ||    87
  Dodge: Dodged            |    44 |   203 ||   247
  Block: Other             |       |    28 ||    28
         Reflection        |       |     1 ||     1
         Form:             |       |     1 ||     1
         Beast             |       |     1 ||     1

Table legend: (Time is in decaauts)
 A = Elapsed time spent in this place.
 B = Non-inter-level travel time spent in this place.
 C = Inter-level travel time spent in this place.
 D = Time resting spent in this place.
 E = Time spent auto-exploring this place.
 F = Levels seen in this place.
 G = Mean time per level.
                   A        B        C        D        E       F      G
               +--------+--------+--------+--------+--------+-----+--------+
         Total |   4616 |   4486 |    130 |    461 |   3250 |   4 | 1154.0 |
       Dungeon |   4616 |   4486 |    130 |    461 |   3250 |   4 | 1154.0 |
               +--------+--------+--------+--------+--------+-----+--------+

Top non-repeatable levels by time:
     D:1: 1563 daAuts
     D:3: 1157 daAuts
     D:2: 1089 daAuts
     D:4: 806 daAuts
